AoeStats
← OS+ | VoNDutcH

Lombardia

508103316Analyzed
4v4 RM · 12d ago on Sep 20, 2026· 30m 37s· 8 players
Game mode
Random Map
Map size
Large (8 player)
Population
200
Speed
Normal
Resources
Standard
Victory
Conquest
Starting age
Dark Age
Ending age
Imperial Age
RankedLock teamsTeams togetherTeam positionsShared explorationLock speedFull tech treeHidden civsTurbo modeCheats
Victory
Defeat
🇧🇷 Wu · Brazil
1811
+19
🇧🇷 Koreans · Brazil
1791
+20
🇺🇸 Magyars · United States
1727
+23
🇧🇷 Cumans · Brazil
1605
+26
🇩🇪 Poles · Germany
1991
-25
🇺🇸 Lithuanians · United States
1915
-24
🇮🇹 Italians · Italy
1900
-23
🇦🇷 Inca · Argentina
1710
-16
[SotC] Klovn
7:02 Loom
11:47 Feudal Age
13:28 Double-Bit Axe
16:40 Castle Age
16:13 Wheelbarrow
OS+ | The Wilderness
7:35 Loom
10:27 Feudal Age
11:18 Double-Bit Axe
11:13 Horse Collar
OS+ | VoNDutcH
11:12 Feudal Age
14:53 Castle Age
13:05 Double-Bit Axe
13:03 Horse Collar
22:47 Loom
23:45 Fletching
26:40 Bodkin Arrow
RoR | Smokealot
9:01 Loom
10:47 Feudal Age
15:19 Castle Age
13:30 Double-Bit Axe
13:54 Horse Collar
16:34 Bow Saw
22:13 Wheelbarrow
25:17 Szlachta Privileges
26:13 Stone Mining
26:16 Gold Mining
26:43 Stone Mining
27:12 Scale Barding Armor
27:17 Forging
27:12 Scale Barding Armor
27:17 Forging
27:14 Husbandry
27:24 Bloodlines
27:49 Heavy Plow
29:21 Iron Casting
SS_Guxta
6:02 Loom
8:51 Feudal Age
10:07 Double-Bit Axe
11:15 Horse Collar
21:38 Castle Age
20:29 Bloodlines
20:42 Scale Barding Armor
20:56 Gold Mining
21:40 Light Cavalry
22:44 Chain Barding Armor
24:16 Bow Saw
30:33 Wheelbarrow
Fs.Neras
9:01 Feudal Age
9:48 Double-Bit Axe
9:45 Horse Collar
13:14 Forging
20:30 Castle Age
19:54 Bloodlines
19:50 Scale Barding Armor
20:16 Gold Mining
20:36 Light Cavalry
21:37 Chain Barding Armor
22:58 Iron Casting
27:05 Husbandry
Fs.Mareonix
6:27 Loom
9:05 Feudal Age
10:59 Double-Bit Axe
13:16 Fletching
23:52 Castle Age
23:43 Gold Mining
23:56 Crossbowman
25:13 Bodkin Arrow
Fs.Shiling
6:48 Loom
9:34 Feudal Age
10:47 Double-Bit Axe
21:07 Castle Age
19:46 Wheelbarrow
19:40 Gold Mining
20:02 Scale Barding Armor
20:07 Forging
20:21 Horse Collar
22:23 Chain Barding Armor
22:38 Iron Casting
22:17 Bloodlines
27:31 Heavy Plow
Connection lost

Rejoining the realm…

Still unreachable

The connection could not be restored.

Session expired

The server has moved on; the page needs a fresh start.